 Dungeon Crawl Stone Soup version 0.18.1-47-g9310371 (webtiles) character file.

40 Shtopit the Charmwright (level 3, -1/24 HPs)
             Began as a High Elf Skald on June 19, 2016.
             Slain by a goblin (4 damage)
             ... led by Robin
             ... on level 2 of the Dungeon.
             The game lasted 00:03:56 (1414 turns).

Shtopit the Charmwright (High Elf Skald)            Turns: 1414, Time: 00:03:56

Health: -1/24      AC:  3    Str:  9 (11) XL:     3   Next: 30%
Magic:  0/8        EV: 11    Int: 13 (16) God:
Gold:   4          SH:  0    Dex: 12 (15) Spells: 3 memorised, 2 levels left

rFire  . . .     SeeInvis .     a - +0 falchion
rCold  . . .     Gourm    .     b - +0 leather armour
rNeg   . . .     Faith    .     (no shield)
rPois  .         Spirit   .     (no helmet)
rElec  .         Dismiss  .     (no cloak)
rCorr  .         Reflect  .     (no gloves)
SustAt .         Harm     .     (no boots)
MR     .....                    (no amulet)
Stlth  +.........               (no ring)
                                (no ring)

@: singing, not resistant to hostile enchantments, very unstealthy
A: no striking features
a: Stop Singing


You were on level 2 of the Dungeon.
You were hungry.

You visited 1 branch of the dungeon, and saw 2 of its levels.

You collected 4 gold pieces.

Inventory:

Hand Weapons
 a - a +0 falchion (weapon)
Armour
 b - a +0 leather armour (worn)
Scrolls
 g - 2 scrolls of blinking {unknown}
 h - a scroll of enchant weapon {unknown}
Potions
 f - a potion of curing {unknown}
Books
 c - a book of Battle

   Spells                             Type                      Level
   a - Infusion                       Charms                       1
   b - Shroud of Golubria             Charms/Translocation         2
   c - Song of Slaying                Charms                       2
   d - Spectral Weapon                Hexes/Charms                 3
   e - Regeneration                   Charms/Necromancy            3
Comestibles
 d - 2 bread rations


   Skills:
 + Level 2.0 Fighting
 + Level 3.0 Long Blades
 * Level 1.5 Armour
 + Level 1.2 Dodging
 + Level 0.2 Stealth
 + Level 2.8 Spellcasting
 + Level 4.1 Charms


You had 2 spell levels left.
You knew the following spells:

 Your Spells              Type           Power        Failure   Level  Hunger
a - Infusion              Chrm           ##..         8%          1    #......
b - Song of Slaying       Chrm           ##......     12%         2    ###....
c - Shroud of Golubria    Chrm/Tloc      #.........   24%         2    ###....


Dungeon Overview and Level Annotations

Branches:
Dungeon (2/15)

Altars:

Annotations:
D:2 Robin


Message History

You kill the goblin!
Robin hits you but does no damage. Robin closely misses you.
The goblin unwields an uncursed hunting sling.
The goblin hits you.
A hobgoblin comes into view.
You miss the goblin.
You are no longer magically infusing your attacks.
The goblin closely misses you.
Robin roars a battlecry!
The goblin goes into a battle-frenzy!
Robin closely misses you. The goblin hits you.
* * * LOW HITPOINT WARNING * * *
The goblin hits you.
* * * LOW HITPOINT WARNING * * *
Drink which item? (? for menu, Esc to quit)
It was a potion of degeneration.
There was something very wrong with that liquid.
You feel weakened.
You feel dopey.
You feel clumsy. The goblin hits you.
You die...

#.#
#..[.........###
#.#
#.##########.#
#.# #.# .# ##.#
#.# .#
##..####.####...
..
##..(..((......#
.#
......g(..######
.# ###.###g#.#
.# # #@#.# #g#.#
#g.gg#.#
#.###.... #.#.#
..... ..# #. ...
## ....


You could see Robin, a hobgoblin and 3 goblins.

Vanquished Creatures
  2 oozes
  2 giant geckos (D:1)
  3 bats (D:1)
  2 giant cockroaches (D:1)
  4 goblins
  3 hobgoblins (D:1)
  9 kobolds
  4 rats (D:1)
29 creatures vanquished.

Notes
Turn   | Place    | Note
--------------------------------------------------------------
     0 | D:1      | Shtopit the High Elf Skald began the quest for the Orb.
     0 | D:1      | Reached XP level 1. HP: 14/14 MP: 4/4
   151 | D:1      | Reached skill level 4 in Charms
   327 | D:1      | Reached XP level 2. HP: 19/19 MP: 3/6
   359 | D:1      | Learned a level 2 spell: Song of Slaying
   362 | D:1      | Learned a level 2 spell: Shroud of Golubria
   462 | D:1      | Reached skill level 1 in Armour
  1080 | D:1      | Reached XP level 3. HP: 24/24 MP: 3/7
  1405 | D:2      | Noticed Robin
  1414 | D:2      | Slain by a goblin

Skill      XL: |  1  2 |
---------------+-------+-----
Charms         | 4 |  4.1
Armour         | 1 |  1.5
Long Blades    | 3 |  3.0
Fighting       | |  2.0
Dodging        | |  1.2
Stealth        | |  0.2
Spellcasting   | |  2.8

Action                   || total
-------------------------++-------
Melee: Falchion          ||    61
 Cast: Infusion          ||    14
       Song of Slaying   ||     1
  Use: Potion            ||     1
  Eat: Chunk             ||     1
Armor: Leather armour    ||    13
Dodge: Dodged            ||    46
